 Dungeon Crawl Stone Soup version 0.17-a0-1582-ge6b0260 (webtiles) character file.

87963 Chiseanne the Champion of Chaos (level 15, -8/117 HPs)
             Began as a Demonspawn Wanderer on July 28, 2015.
             Was the Champion of Makhleb.
             Mangled by a six-headed hydra (15 damage)
             ... on level 3 of the Swamp.
             The game lasted 01:35:28 (17962 turns).

Chiseanne the Champion of Chaos (DsWn)             Turns: 17962, Time: 01:35:29

Health: -8/117     AC: 21    Str: 18    XL:     15   Next: 45%
Magic:  8/8        EV: 34    Int: 11    God:    Makhleb [******]
Gold:   253        SH:  0    Dex: 24    Spells: 1 memorised, 12 levels left

rFire  + . .     SeeInvis .     s - +5 quarterstaff (antimagic)
rCold  . . .     Clarity  .     F - +2 leather armour of Depression {rElec Regen+}
rNeg   + . .     SustAt   .     (no shield)
rPois  +         Gourm    .     d - +2 hat
rElec  +         Spirit   .     y - +2 cloak {rPois}
rCorr  .         Warding  .     G - +2 pair of gloves {Dex+3}
rMut   .         Stasis   .     x - +1 pair of boots
MR     +....                    q - amulet of regeneration
Stlth  +++.......               E - +5 ring of protection
                                j - ring of No Interval {rF+ rN+ Slay+6 Stlth+}

@: agile, somewhat resistant to hostile enchantments, fairly stealthy
A: claws 2, repulsion field 2, nightstalker 1, powered by death 2
a: Minor Destruction, Lesser Servant of Makhleb, Major Destruction, Greater
Servant of Makhleb, Renounce Religion


You were on level 3 of the Swamp.
You worshipped Makhleb.
Makhleb was exalted by your worship.
You were full.

You visited 5 branches of the dungeon, and saw 32 of its levels.
You also visited: Bailey.

You collected 2797 gold pieces.
You spent 2544 gold pieces at shops.

Inventory:

Hand weapons
 a - a +9 war axe of chopping
 e - the +7 arbalest of Overwhelming Force {elec, Dex+6}
   (You found it on level 8 of the Lair of Beasts)

   It charges the ammunition it shoots with electricity; occasionally upon a
   hit, such missiles may discharge and cause terrible harm.
   It affects your dexterity (+6).
 p - a +0 war axe of electrocution
 s - a +5 antimagic quarterstaff (weapon)
 w - a +0 blowgun
 I - a +1 broad axe
Missiles
 t - 40 poisoned needles
 v - 139 bolts
 X - 20 bolts of flame
Armour
 d - a +2 hat (worn)
 x - a +1 pair of boots (worn)
 y - a +2 cloak of poison resistance (worn)
 B - a +0 large shield
 F - the +2 leather armour of Depression (worn) {rElec Regen+}
   (You took it off an orc on level 5 of the Dungeon)

   It insulates you from electricity.
   It increases your rate of regeneration.
 G - a +2 pair of gloves of dexterity (worn)
Jewellery
 j - the ring of No Interval (left hand) {rF+ rN+ Slay+6 Stlth+}
   (You found it on level 6 of the Dungeon)

   [ring of protection from fire]

   It affects your accuracy and damage with ranged weapons and melee attacks
   (+6).
   It protects you from fire.
   It protects you from negative energy.
   It makes you more stealthy.
 k - the ring "Fejokk" {rPois rF+ AC+2 Dex-5 SInv}
   (You found it on level 3 of the Lair of Beasts)

   [ring of protection]

   It affects your AC (+2).
   It affects your dexterity (-5).
   It protects you from fire.
   It protects you from poison.
   It lets you see invisible.
 q - an amulet of regeneration (around neck)
 r - an uncursed amulet of clarity
 C - an uncursed ring of teleportation
 D - an uncursed ring of flight
 E - a +5 ring of protection (right hand)
Magical devices
 R - a wand of disintegration (0)
 V - a wand of digging (2)
Scrolls
 c - 9 scrolls of teleportation
 f - 2 scrolls of blinking
 g - 10 scrolls of remove curse
 h - a scroll of silence
 z - 3 scrolls of fear
 H - 2 scrolls of identify
 J - a scroll of fog
 O - a scroll of enchant armour
Potions
 l - 5 potions of flight
 m - a potion of magic
 o - 4 potions of heal wounds
 A - a potion of cancellation
 L - a potion of invisibility
 N - 2 potions of might {unknown}
 P - 7 potions of curing
Miscellaneous
 i - a lamp of fire
Comestibles
 b - 13 bread rations
 n - 14 fruits
 u - 7 meat rations


   Skills:
 - Level 10.4 Fighting
 * Level 13.5 Axes
 * Level 6.2 Crossbows
 - Level 1.7 Throwing
 - Level 5.4 Armour
 + Level 12.8 Dodging
 - Level 1.0 Stealth
 - Level 5.6 Shields
 * Level 15.9 Invocations


You had 12 spell levels left.
You knew the following spells:

 Your Spells              Type           Power        Failure   Level  Hunger
a - Stoneskin             Trmt/Erth      #.......     65%         2    ###....


Dungeon Overview and Level Annotations

Branches:
Dungeon (15/15)            Temple (1/1) D:5            Lair (8/8) D:9
  Swamp (4/4) Lair:6       Spider (0/4) Lair:3        Slime (0/6) Lair:8
    Orc (4/4) D:9             Elf (0/3) Orc:3        Depths (0/5) D:15
 Vaults: D:13-14

Altars:
Ashenzari
Cheibriados
Dithmenos
Elyvilon
Fedhas
Gozag
Kikubaaqudgha
Makhleb
Nemelex Xobeh
Okawaru
Qazlal
Ru
Sif Muna
Trog
Vehumet
Yredelemnul
Zin
The Shining One
Beogh

Shops:
D:9 (   Orc:4 !**?

Annotations:
D:3 FIQ's ghost, average HOGl
D:13 3 runed doors


Innate Abilities, Weirdness & Mutations

You have very sharp fingernails.
You are surrounded by a moderate repulsion field (EV +3).
You are slightly more attuned to the shadows.
You regenerate health from kills.


Message History

The spriggan rider completely misses you.
The six-headed hydra completely misses you.
The six-headed hydra bites you but does no damage.
The six-headed hydra completely misses you. x3
The six-headed hydra bites you!
* * * LOW HITPOINT WARNING * * *
The spriggan rider completely misses you.
You thump the six-headed hydra!
The six-headed hydra is heavily wounded.
The six-headed hydra misses you. x2
The six-headed hydra barely misses you.
The six-headed hydra bites you but does no damage.
The six-headed hydra completely misses you. x2
The spriggan rider hits you from afar with a spear!
* * * LOW HITPOINT WARNING * * *
The six-headed hydra completely misses you.
The six-headed hydra bites you.
* * * LOW HITPOINT WARNING * * *
The six-headed hydra barely misses you. The six-headed hydra bites you!
You die...

.....♣≈≈......##/.♣ ♣♣♣
.≈≈≈.♣♣≈...######.♣♣ ♣≈
..≈≈≈≈..≈...)#.#....♣ ♣♣
..≈≈≈≈......#†.†....♣♣ ♣♣
..≈≈≈<......##......≈♣♣..
≈≈≈≈..##.##......[[≈≈≈.
.≈≈≈.. ###D#..§≈.≈..≈≈.
......##......≈♣♣.[...♣
.≈....@#.....♣♣..♣≈♣♣♣♣
.≈≈♣♣≈#Dy≈≈.♣♣♣..♣♣♣
♣.yi≈≈≈§≈≈♣..≈♣
≈.≈♣.≈≈≈≈≈§≈≈♣.≈♣
≈≈≈.♣§.≈≈≈≈≈♣.≈≈.♣
≈≈.≈♣≈.≈≈.♣♣♣≈≈≈.♣ ≈§.
♣..≈≈.♣♣.....♣♣
♣♣..♣♣♣♣♣..≈≈.≈♣ ♣.≈.
♣.≈≈≈.♣♣


You could see a six-headed hydra, a spriggan rider and a wasp.

Vanquished Creatures
  Maud (Orc:2)
  An orc warlord (Bailey)
  Louise (Swamp:1)
  Snorg (Orc:4)
  Josephine (Orc:2)
  A yaktaur captain (D:9)
  The ghost of Chiseanne the Fighter, a powerful DsWn of Makhleb (Bailey)
  Erolcha (D:9)
  A catoblepas (Lair:8)
  A ghost crab (Swamp:3)
  3 hydras
  4 ogre magi (Orc:4)
  A centaur warrior (D:15)
  The ghost of Monkaria the Cleaver, an experienced DDBe of Trog (Bailey)
  3 alligators (Swamp:3)
  15 death yaks
  A tengu warrior (D:13)
  An orc high priest (Orc:2)
  A deep troll shaman (Lair:8)
  Nergalle (Lair:3)
  The ghost of Chiseanne the Fighter, an experienced DsWn of Qazlal (D:8)
  2 hill giants
  A spriggan druid (Swamp:3)
  A swamp dragon (Swamp:4)
  5 lindwurms (Lair:8)
  Pikel (D:9)
  An oklob plant (Lair:6)
  4 manticores
  A harpy (shapeshifter) (D:15)
  5 orc knights
  An orc sorcerer (Orc:4)
  An orb spider (Lair:3)
  4 griffons
  12 elephants
  3 black mambas
  Joseph (D:7)
  A hornet (Swamp:3)
  A black mamba (shapeshifter) (D:15)
  A yaktaur (shapeshifter) (D:9)
  A torpor snail (Lair:3)
  12 spiny frogs
  A kobold demonologist (D:15)
  2 komodo dragons
  A harpy zombie (D:13)
  3 giant leeches
  A queen bee (shapeshifter) (D:13)
  4 trolls
  2 bog bodies (Swamp:3)
  11 two-headed ogres (Orc:4)
  Prince Ribbit (D:9)
  15 slime creatures
  4 blink frogs (Lair:2)
  2 two-headed ogres (shapeshifter) (D:15)
  A centaur simulacrum (D:13)
  5 wraiths (Orc:2)
  A redback (shapeshifter) (D:15)
  2 deep elf magi (D:10)
  7 spriggans
  30 yaks
  5 wyverns
  3 hippogriffs
  3 wargs
  5 vampire mosquitoes
  A basilisk (Lair:4)
  Menkaure (D:5)
  A mottled dragon (D:12)
  9 wolves
  5 insubstantial wisps (Swamp:3)
  A hungry ghost (D:8)
  13 swamp worms
  4 porcupines
  12 water moccasins
  5 swamp drakes
  A necrophage (D:9)
  A sky beast (D:6)
  3 black bears
  27 ogres
  A phantom (D:6)
  25 orc warriors
  3 boggarts (D:15)
  4 wasps
  11 ice beasts
  A big kobold (D:9)
  10 crocodiles
  12 centaurs
  12 giant frogs
  A wyvern skeleton (D:15)
  2 scorpions
  A water moccasin skeleton (D:4)
  8 killer bees
  9 jellies
  An electric eel (Lair:7)
  8 wights
  5 crimson imps
  2 giant frog zombies
  11 orc priests
  2 quasits
  An iguana (shapeshifter) (D:15)
  5 hounds
  A giant frog skeleton (D:8)
  14 worker ants
  7 iguanas
  28 orc wizards
  A killer bee zombie (D:7)
  A giant frog simulacrum (D:13)
  8 sheep (Lair:3)
  A hound zombie (D:8)
  A worker ant zombie (D:5)
  12 gnolls
  26 river rats
  14 adders
  3 shadow imps
  3 white imps (D:13)
  An ooze (D:4)
  An adder skeleton (D:4)
  4 worms
  5 giant geckos
  162 orcs
  A bat skeleton (D:5)
  8 giant cockroaches
  32 hobgoblins
  5 jackals
  2 ball pythons (D:2)
  12 bats
  3 giant newts
  35 goblins
  15 kobolds
  7 quokkas
  A quokka zombie (D:6)
  14 rats
  2 fungi
  6 plants
865 creatures vanquished.

Vanquished Creatures (collateral kills)
  An orc warrior (Bailey)
  An orc (Bailey)
2 creatures vanquished.

Vanquished Creatures (others)
  A very ugly thing (D:9)
  An ugly thing (D:9)
  A hungry ghost (D:9)
  A swamp worm (Swamp:3)
  4 slaves (D:9)
  A giant frog (D:9)
  A wight (D:9)
  A wasp zombie (D:9)
  An orc wizard (Orc:4)
  3 jackals (D:9)
  A bat (D:9)
  A fungus (Lair:8)
17 creatures vanquished.

Grand Total: 884 creatures vanquished

Notes
Turn   | Place    | Note
--------------------------------------------------------------
     0 | D:1      | Chiseanne the Demonspawn Wanderer began the quest for the Orb.
     0 | D:1      | Chiseanne set off with: a +2 spear, a potion of lignification, a scroll of teleportation, a +0 robe, a bread ration
     0 | D:1      | Reached XP level 1. HP: 21/21 MP: 1/1
   229 | D:1      | Gained mutation: You regenerate a little health from kills. [demonic ancestry]
   229 | D:1      | Reached XP level 2. HP: 27/27 MP: 2/2
   353 | D:1      | Found a shattered altar of Ashenzari.
   917 | D:2      | Reached XP level 3. HP: 33/33 MP: 3/3
  1502 | D:2      | Reached XP level 4. HP: 39/39 MP: 4/4
  1929 | D:3      | Noticed FIQ's ghost (average HOGl)
  1970 | D:4      | Gained mutation: You are surrounded by a mild repulsion field (EV +2). [demonic ancestry]
  1970 | D:4      | Reached XP level 5. HP: 40/46 MP: 5/5
  2009 | D:4      | HP: 1/46 [worker ant (4)]
  2011 | D:4      | Reached skill level 6 in Fighting
  2445 | D:4      | Reached XP level 6. HP: 37/53 MP: 6/6
  2476 | D:4      | Found a basalt altar of Yredelemnul.
  2913 | D:4      | Found a stormy altar of Qazlal.
  3052 | D:4      | Reached skill level 7 in Fighting
  3261 | D:5      | Entered Level 5 of the Dungeon
  3469 | D:5      | Reached XP level 7. HP: 57/60 MP: 7/7
  3484 | D:5      | Noticed Menkaure
  3500 | D:5      | Killed Menkaure
  3532 | D:5      | Reached skill level 8 in Fighting
  3635 | D:5      | Found a staircase to the Ecumenical Temple.
  3656 | Temple   | Entered the Ecumenical Temple
  3884 | Temple   | Became a worshipper of Makhleb the Destroyer
  4121 | D:5      | Got a fine leather armour
  4134 | D:5      | Identified the +2 leather armour of Depression {rElec Regen+} (You took it off an orc on level 5 of the Dungeon)
  4175 | D:5      | Found a deep blue altar of Sif Muna.
  4515 | D:6      | Acquired Makhleb's first power
  4538 | D:6      | Reached skill level 5 in Armour
  4647 | D:6      | Gained mutation: You have sharp fingernails. [demonic ancestry]
  4647 | D:6      | Reached XP level 8. HP: 69/69 MP: 8/8
  4851 | D:6      | Got a faintly glowing platinum ring
  4874 | D:6      | Identified the ring of No Interval {rF+ rN+ Slay+6 Stlth+} (You found it on level 6 of the Dungeon)
  5036 | D:6      | Reached skill level 1 in Axes
  5401 | D:6      | Reached skill level 9 in Fighting
  5592 | D:7      | Noticed Joseph
  5607 | D:7      | Killed Joseph
  5693 | D:7      | Acquired Makhleb's second power
  5842 | D:7      | Gained mutation: You regenerate health from kills. [demonic ancestry]
  5842 | D:7      | Reached XP level 9. HP: 77/77 MP: 9/9
  5846 | D:7      | Learned a level 2 spell: Stoneskin
  5981 | D:7      | Found a sparkling altar of Nemelex Xobeh.
  5982 | D:7      | Found an iron altar of Okawaru.
  6119 | D:8      | Reached skill level 5 in Dodging
  6186 | D:8      | Noticed Chiseanne's ghost (experienced DsWn)
  6204 | D:8      | Reached skill level 10 in Fighting
  6235 | D:8      | Killed Chiseanne's ghost
  6235 | D:8      | Reached skill level 5 in Axes
  6455 | D:8      | Acquired Makhleb's third power
  6457 | D:8      | Reached XP level 10. HP: 50/86 MP: 10/10
  6553 | D:8      | Found an opulent altar of Gozag.
  6641 | D:9      | Noticed Pikel
  6667 | D:9      | Killed Pikel
  6693 | D:9      | Found a glowing silver altar of Zin.
  6818 | D:9      | Found a white marble altar of Elyvilon.
  6946 | D:9      | Acquired Makhleb's fourth power
  6992 | D:9      | Reached skill level 1 in Invocations
  7030 | D:9      | Noticed a green ugly thing
  7030 | D:9      | Noticed a yaktaur captain
  7032 | D:9      | Noticed a brown very ugly thing
  7048 | D:9      | Killed a brown ugly thing
  7049 | D:9      | Killed a purple very ugly thing
  7052 | D:9      | Noticed a hill giant
  7067 | D:9      | Killed a yaktaur captain
  7071 | D:9      | Killed a hill giant
  7071 | D:9      | Reached XP level 11. HP: 67/92 MP: 12/14
  7194 | D:9      | Noticed Prince Ribbit
  7270 | D:10     | Entered Level 10 of the Dungeon
  7294 | D:9      | Killed Prince Ribbit
  7304 | D:9      | Noticed Erolcha
  7322 | D:9      | Killed Erolcha
  7322 | D:9      | Reached skill level 5 in Invocations
  7477 | D:9      | Found a staircase to the Orcish Mines.
  7953 | D:9      | Found a staircase to the Lair.
  7977 | D:9      | Found an opulent altar of Gozag.
  7988 | D:9      | Found Suroh's Antique Weapon Boutique.
  7995 | D:9      | Bought a scorched war axe for 246 gold pieces
  7998 | D:9      | Bought a glowing war axe for 101 gold pieces
  8125 | D:10     | Acquired Makhleb's fifth power
  9322 | D:13     | Found a runed door.
  9326 | D:13     | Reached skill level 10 in Dodging
  9326 | D:13     | Gained mutation: You have very sharp fingernails. [demonic ancestry]
  9326 | D:13     | Reached XP level 12. HP: 79/98 MP: 18/18
  9338 | D:13     | Found a runed door.
  9368 | D:13     | Found a runed door.
  9418 | D:13     | Noticed a tengu warrior
  9429 | D:13     | Killed a tengu warrior
  9435 | D:13     | Got a shimmering mace
  9452 | D:13     | Noticed a death yak
  9467 | D:13     | Killed a death yak
  9528 | D:13     | Reached skill level 10 in Axes
  9594 | D:15     | Entered Level 15 of the Dungeon
  9594 | D:15     | Noticed a centaur warrior
  9607 | D:15     | Killed a centaur warrior
  9608 | D:15     | Reached skill level 10 in Invocations
  9795 | D:15     | Found a staircase to the Depths.
  9801 | D:15     | Reached skill level 11 in Dodging
 10112 | Lair:1   | Entered Level 1 of the Lair of Beasts
 10239 | Lair:1   | Found a frozen archway.
 10760 | Lair:3   | Gained mutation: You are surrounded by a moderate repulsion field (EV +3). [demonic ancestry]
 10760 | Lair:3   | Reached XP level 13. HP: 104/104 MP: 21/21
 10942 | Lair:3   | Got a crude brass ring
 11022 | Lair:3   | Noticed Nergalle
 11043 | Lair:3   | Killed Nergalle
 11171 | Lair:3   | Found a hole to the Spider Nest.
 11469 | Lair:4   | Reached skill level 1 in Shields
 11494 | Lair:4   | Identified the ring "Fejokk" {rPois rF+ AC+2 Dex-5 SInv} (You found it on level 3 of the Lair of Beasts)
 11502 | Lair:4   | Got a jewelled flail
 11503 | Lair:4   | Identified the +1 flail "Okuedy" {venom, Int+4} (You found it on level 4 of the Lair of Beasts)
 11530 | Lair:4   | Reached skill level 12 in Invocations
 12084 | Lair:6   | Found a staircase to the Swamp.
 12282 | Lair:7   | Reached skill level 13 in Invocations
 12419 | Lair:8   | Entered Level 8 of the Lair of Beasts
 12560 | Lair:8   | Found a staircase to the Slime Pits.
 12953 | Lair:8   | Reached XP level 14. HP: 111/111 MP: 24/24
 12986 | Lair:8   | Reached skill level 5 in Shields
 13184 | Lair:8   | Reached skill level 14 in Invocations
 13219 | Lair:8   | Got a crude arbalest
 13220 | Lair:8   | Identified the +7 arbalest of Overwhelming Force {elec, Dex+6} (You found it on level 8 of the Lair of Beasts)
 13371 | Lair:8   | HP: 3/111 [death yak (18)]
 13376 | Lair:8   | Reached skill level 1 in Crossbows
 14313 | Orc:1    | Entered Level 1 of the Orcish Mines
 14809 | Orc:2    | Noticed Maud
 14836 | Orc:2    | Killed Maud
 14982 | Orc:2    | Found a roughly hewn altar of Beogh.
 15020 | Orc:2    | Found a flagged portal.
 15032 | Bailey   | Entered a bailey
 15040 | Bailey   | Noticed Chiseanne's ghost (powerful DsWn)
 15040 | Bailey   | Noticed Monkaria's ghost (experienced DDBe)
 15054 | Bailey   | Killed Chiseanne's ghost
 15057 | Bailey   | Killed Monkaria's ghost
 15249 | Bailey   | Noticed an orc warlord
 15279 | Bailey   | Killed an orc warlord
 15319 | Bailey   | Gained mutation: You evolve. [potion of beneficial mutation]
 15589 | Orc:2    | Noticed Josephine
 15596 | Orc:2    | Killed Josephine
 15883 | Orc:4    | Entered Level 4 of the Orcish Mines
 16041 | Orc:3    | Found a staircase to the Elven Halls.
 16369 | Orc:4    | Found Hotuxt's Magic Scroll Shop.
 16369 | Orc:4    | Found Oceimuz's Assorted Antiques.
 16369 | Orc:4    | Found Hikisuce's Assorted Antiques.
 16369 | Orc:4    | Found Egos's Distillery.
 16378 | Orc:4    | Reached skill level 15 in Invocations
 16394 | Orc:4    | Gained mutation: You are slightly more attuned to the shadows. [demonic ancestry]
 16394 | Orc:4    | Reached XP level 15. HP: 117/117 MP: 26/26
 16416 | Orc:4    | Bought a scroll labeled BONGOI JIOZUP for 33 gold pieces
 16432 | Orc:4    | Bought a potion of cancellation for 88 gold pieces
 16433 | Orc:4    | Bought a scroll of enchant weapon for 232 gold pieces
 16434 | Orc:4    | Bought a glowing iron ring for 155 gold pieces
 16434 | Orc:4    | Bought a knobbly opal ring for 155 gold pieces
 16442 | Orc:4    | Bought a scroll of identify for 30 gold pieces
 16442 | Orc:4    | Bought a scroll of identify for 30 gold pieces
 16442 | Orc:4    | Bought a scroll of fog for 30 gold pieces
 16442 | Orc:4    | Bought a scroll of identify for 30 gold pieces
 16442 | Orc:4    | Bought a scroll of teleportation for 45 gold pieces
 16442 | Orc:4    | Bought a scroll of teleportation for 45 gold pieces
 16442 | Orc:4    | Bought a scroll of blinking for 112 gold pieces
 16442 | Orc:4    | Bought a scroll of magic mapping for 52 gold pieces
 16443 | Orc:4    | Bought 3 scrolls of blinking for 742 gold pieces
 16443 | Orc:4    | Bought a potion of invisibility for 264 gold pieces
 16444 | Orc:4    | Bought a potion of heal wounds for 55 gold pieces
 16444 | Orc:4    | Bought a potion of heal wounds for 55 gold pieces
 16444 | Orc:4    | Bought a potion of agility for 44 gold pieces
 16522 | Orc:4    | Gained mutation: Potions and wands are less effective at restoring your health. [evolution]
 16535 | Orc:4    | Paralysed by an orc sorcerer for 7 turns
 16541 | Orc:4    | Noticed Snorg
 16629 | Orc:4    | Killed Snorg
 17187 | Swamp:1  | Entered Level 1 of the Swamp
 17218 | Swamp:1  | Noticed Louise
 17240 | Swamp:1  | Killed Louise
 17240 | Swamp:1  | Reached skill level 5 in Crossbows
 17250 | Swamp:1  | Lost mutation: You evolve. [potion of cure mutation]
 17250 | Swamp:1  | Lost mutation: Potions and wands are less effective at restoring your health. [potion of cure mutation]
 17775 | Swamp:4  | Entered Level 4 of the Swamp
 17962 | Swamp:3  | Mangled by a six-headed hydra

Vault maps used:
D:1:      dpeg_arrival_central, ashenzari_altar_1
D:3:      nicolae_overflow_hidden_temple, first_bread
D:4:      yredelemnul_altar_generic, minmay_misc_feat_rows, st_stairs_13,
          nicolae_qazlal_eye_of_the_storm
D:5:      temple_green, led_sif_book, uniq_menkaure
D:6:      minmay_tree_intersection
D:7:      gammafunk_temple_overflow_pools, the_bakery, st_stairs_6, uniq_joseph
D:8:      nicolae_gozag_cash_rules_everything_around_me, minmay_bad_closet
D:9:      hangedman_cross_veins, grunt_temple_overflow_open, lair_0_dummy,
          basic_altar, serial_shops, shop, uniq_pikel, uniq_erolcha,
          uniq_prince_ribbit1
D:13:     serial_ice, serial_ice_g, serial_ice_a, serial_ice_f, serial_ice_j,
          serial_ice_d, serial_ice_h, serial_ice_o, minmay_statue_crystal_thing
D:14:     lightli_vaults_fourway_checkpoint, serial_park_square2,
          kennysheep_generic_room_3
D:15:     gammafunk_enter_depths_forms, bh_walls_and_bars, uniq_rupert
Temple:   oiseaux_autumnal_temple_12
Lair:1:   portal_ice_cave_entry_ice_beasts, serial_bayou_pond_e,
          serial_bayou_shore_a
Lair:3:   nicolae_spider_entry_orb_guardian, grunt_forest_large_clearing_hut,
          grunt_megastairs_2, lemuel_fruit_fields, uniq_nergalle
Lair:5:   beast_lair_carwin_3
Lair:6:   swamp_mist_pool, grunt_megastairs_3
Lair:7:   infiniplex_staircase_pool
Lair:8:   grunt_lair_end_beastmaster, minmay_slime_entry_pillars,
          minmay_lindwurm_lava
Swamp:1:  nicolae_swamp_round_clearing, uniq_louise
Swamp:2:  hangedman_swamp_lotus, swamp_pool5, nicolae_swamp_snake_nest,
          uniq_jorgrun, uniq_aizul
Swamp:3:  serial_swamp_ruin, hangedman_swamp_ruin_wall,
          evilmike_swamp_ruin_rubble_1
Swamp:4:  swamp_old_school, uniq_mara
Orc:2:    enter_bailey_2, nicolae_orc_flooded_monolith, kennysheep_orc_chapel,
          uniq_josephine, uniq_maud
Orc:3:    nicolae_orc_pool_cavern, amalloy_card_club
Orc:4:    st_orc_ogre_mass, statue_in_the_mist_lemuel, guppyfry_library_mini,
          uniq_snorg
Bailey:   bailey_axe_minmay_hex_keep, bailey

Action                   |  1- 3 |  4- 6 |  7- 9 | 10-12 | 13-15 || total
-------------------------+-------+-------+-------+-------+-------++-------
Melee: Spear             |   149 |   354 |   173 |       |       ||   676
       Hand axe          |       |       |   167 |   231 |       ||   398
       Dagger            |       |       |    11 |       |       ||    11
       War axe           |       |       |       |   367 |   909 ||  1276
       Quarterstaff      |       |       |       |       |    29 ||    29
 Fire: Hunting sling     |       |       |    36 |    32 |    31 ||    99
       Blowgun           |       |       |       |     4 |    15 ||    19
       Arbalest          |       |       |       |       |    30 ||    30
Throw: Tomahawk          |       |       |     3 |       |       ||     3
Evoke: Wand              |       |       |       |     4 |    16 ||    20
       Lamp of fire      |       |       |       |       |     1 ||     1
  Use: Scroll            |     7 |     4 |     6 |    13 |    22 ||    52
       Potion            |       |     2 |     6 |     1 |    15 ||    24
 Stab: Sleeping          |       |       |     4 |    16 |    14 ||    34
       Invisible         |       |       |       |     9 |    20 ||    29
       Distracted        |       |       |       |       |     1 ||     1
  Eat: Chunk             |     2 |     7 |    11 |    15 |    14 ||    49
       Pizza             |       |       |       |       |     2 ||     2
       Beef jerky        |       |       |       |       |     2 ||     2
       Royal jelly       |       |       |       |       |     2 ||     2
       Fruit             |       |       |       |       |     9 ||     9
